 Dungeon Crawl Stone Soup version 0.29-a0-506-ga2e7fffb44 (webtiles) character file.

Game seed: 10803898163444580577

7163 pokeman the Thaumaturge (level 10, -2/56 HPs)
             Began as a Deep Elf Hedge Wizard on May 28, 2022.
             Was a Priest of Vehumet.
             Slain by a sixfirhy (6 damage)
             ... summoned by a kobold demonologist
             ... on level 10 of the Dungeon.
             The game lasted 00:24:14 (11715 turns).

pokeman the Thaumaturge (Deep Elf Hedge Wizard)    Turns: 11715, Time: 00:24:14

Health: -2/56      AC: 12    Str:  7    XL:     10   Next: 86%
Magic:  39/39      EV: 13    Int: 24    God:    Vehumet [***...]
Gold:   474        SH:  0    Dex: 18    Spells: 16/37 levels left

rFire   + . .      SeeInvis +   x - +8 spear of Kiekk {venom, *Rage rF+ Dex+4 SInv}
rCold   . . .      Faith    .   (no shield)
rNeg    . . .      Spirit   .   N - +0 steam dragon scales
rPois   .          Reflect  .   E - +0 helmet
rElec   .          Harm     .   c - +0 cloak
rCorr   .          Rampage  .   w - +0 pair of gloves
Will    +....      Rage     20% s - +0 pair of boots
Stlth   ++........              (no amulet)
HPRegen 0.18/turn               K - ring of wizardry
MPRegen 0.26/turn               v - ring of magical power

@: lethally poisoned (-2 -> -3), on berserk cooldown, slowed, very slow
A: hooves 1, iridescent scales 1, wild magic 1
a: Renounce Religion


You were on level 10 of the Dungeon.
You worshipped Vehumet.
Vehumet was most pleased with you.
You visited 2 branches of the dungeon, and saw 11 of its levels.

You collected 474 gold pieces.

Inventory:

Hand Weapons
 x - the +8 spear of Kiekk (weapon) {venom, *Rage rF+ Dex+4 SInv}
   (You found it on level 5 of the Dungeon)

   It poisons the flesh of those it strikes.
   Dex:       It affects your dexterity (+4).
   rF:        It protects you from fire.
   SInv:      It lets you see invisible.
   *Rage:     It berserks you when you make melee attacks (+20% chance).
 G - a +5 spectral quarterstaff
 J - a +2 quarterstaff of chaos
Armour
 c - a +0 cloak (worn)
 s - a +0 pair of boots (worn)
 w - a +0 pair of gloves (worn)
 E - a +0 helmet (worn)
 N - +0 steam dragon scales (worn)
Magical Staves
 L - a staff of conjuration
Jewellery
 t - a +4 ring of protection
 v - a ring of magical power (right hand)
 y - a ring of flight
 C - a ring of protection from cold
 K - a ring of wizardry (left hand)
Wands
 z - a wand of flame (18)
 I - a wand of mindburst (22)
 M - a wand of paralysis (9)
Scrolls
 f - 13 scrolls of identify {unknown}
 h - 3 scrolls of immolation {unknown}
 i - a scroll of silence {unknown}
 l - 2 scrolls of amnesia {unknown}
 n - 2 scrolls of fear {unknown}
 o - 8 scrolls of magic mapping {unknown}
 u - 6 scrolls of teleportation {unknown}
 A - 2 scrolls of blinking {unknown}
 B - 2 scrolls of fog {unknown}
 D - 3 scrolls of vulnerability {unknown}
 F - a scroll of enchant armour {unknown}
Potions
 a - 2 potions of mutation
 b - a potion of berserk rage {unknown}
 d - a potion of magic
 e - 2 potions of might {unknown}
 g - 4 potions of brilliance {unknown}
 j - 4 potions of degeneration {unknown}
 k - 4 potions of lignification {unknown}
 m - a potion of haste {unknown}
 p - a potion of ambrosia {unknown}
 q - 6 potions of curing {unknown}
 r - a potion of cancellation {unknown}
 H - a potion of resistance {unknown}
 O - a potion of heal wounds {unknown}


   Skills:
 - Level 4.0 Fighting
 + Level 4.2 Armour
 - Level 3.0 Dodging
 - Level 3.0 Stealth
 * Level 14.2 Spellcasting
 + Level 8.2 Conjurations
 - Level 1.1 Summonings
 - Level 1.1 Translocations
 + Level 6.8 Fire Magic
 - Level 1.0 Air Magic
 - Level 3.2 Poison Magic
 - Level 1.0 Evocations


You had 16 spell levels left.
You knew the following spells:

 Your Spells              Type           Power      Damage    Failure   Level
a - Magic Dart            Conj           100%       1d8       1%          1
b - Mephitic Cloud        Conj/Pois/Air  48%        N/A       1%          3
c - Call Imp              Summ           29%        N/A       2%          2
d - Blink                 Tloc           58%        N/A       2%          2
e - Conjure Flame         Conj/Fire      62%        6-21      1%          3
f - Foxfire               Conj/Fire      100%       2x1d9     1%          1
g - Starburst             Conj/Fire      31%        6d9       4%          6
h - Swiftness             Air            28%        N/A       4%          3

Your spell library contained the following spells:

 Spells                   Type           Power      Damage    Failure   Level
 Searing Ray              Conj           100%       2d8       1%          2
 Apportation              Tloc           58%        N/A       1%          1
 Freeze                   Ice            88%        1d10      1%          1
 Shock                    Conj/Air       100%       1d9       1%          1
 Summon Small Mammal      Summ           100%       N/A       1%          1
 Dazzling Flash           Conj/Hex       96%        N/A       1%          3
 Frozen Ramparts          Ice            44%        1d6       1%          3
 Hailstorm                Conj/Ice       48%        3d11      1%          4
 Iskenderun's Mystic Bla  Conj/Tloc      51%        2d11      1%          4
 Necrotize                Necr           88%        1d8       2%          1
 Slow                     Hex            88%        N/A       2%          1
 Sublimation of Blood     Necr           22%        N/A       3%          2
 Airstrike                Air            14%        N/A       3%          4
 Irradiate                Conj/Tmut      24%        3d21      3%          5
 Petrify                  Tmut/Erth      22%        N/A       19%         4


Dungeon Overview and Level Annotations

Branches:
Dungeon (10/15)            Temple (1/1) D:5            Lair (0/6) D:9
    Orc (0/2) D:9

Altars:
Ashenzari
Cheibriados
Dithmenos
Elyvilon
Fedhas
Gozag
Hepliaklqana
Kikubaaqudgha
Makhleb
Nemelex Xobeh
Okawaru
Qazlal
Ru
Sif Muna
Trog
Uskayaw
Vehumet
Wu Jian
Xom
Yredelemnul
Zin
The Shining One

Shops:
D:7 [:((

Portals:
Abyss: D:7

Annotations:
D:7 2 transporters, iguanaiguana's ghost, novice MiCA


Innate Abilities, Weirdness & Mutations

You have large cloven feet.
You are partially covered in iridescent scales. (AC +2)
Your spells are a little harder to cast, but a little more powerful.


Message History

The crimson imp is in the way.
You closely miss the crimson imp.
The crimson imp blinks!
Unknown command.
The kobold brigand seems less confused.
You feel a strong urge to attack something.
You are no longer berserk.
You are exhausted.
You feel yourself slow down. The crimson imp barely misses you.
The crimson imp hits you but does no damage.
The crimson imp closely misses you.
The kobold demonologist casts a spell.
The crimson imp shouts, "Scamper hence, thou tender ditch-delivered pustule!"
The crimson imp blinks!
The crimson imp blinks!
The kobold demonologist gestures wildly while chanting.
The ice devil attacks as you move away! The ice devil closely misses you.
The ice devil disappears in a puff of smoke!
The red devil disappears in a puff of smoke!
The kobold demonologist mumbles some strange words.
The kobold brigand throws a poisoned dart.
The poisoned dart hits you!
You are poisoned.
The kobold demonologist gestures wildly while chanting.
You feel very sick.
The kobold demonologist casts a spell.
You see here 15 stones.
You feel sick.
You feel sick. The sixfirhy hits you. The sixfirhy shocks you!
The sixfirhy hits you.
* * * LOW HITPOINT WARNING * * *
The sixfirhy shocks you!
* * * LOW HITPOINT WARNING * * *
Things that are here:
a +0 dagger; 3 poisoned darts It was a potion of mutation.
You feel extremely strange.
Iridescent scales grow over part of your body.
You feel less in control of your magic.
Your feet thicken and deform.
You feel sick. The sixfirhy hits you.
You die...

#..#..# ##† #...5K##
##.. ##.....## #..#
##.....# ########..#
##...5## ##..........#
##..3.# ##............
##.4.## #.............
###..######.............
#..(3@)#..............
#.####))..............
#..# ###..............
#### ##...........##
###........## ##########


You could see a sixfirhy (summoned) and a red devil (summoned).

Vanquished Creatures
  Pikel (D:8)
  Joseph (D:7)
  A kobold demonologist (D:10)
  A komodo dragon (D:9)
  Prince Ribbit (D:6)
  A wyvern (D:9)
  8 yaks
  2 steam dragons
  4 wargs (D:9)
  An acid dragon (D:10)
  2 orc warriors (D:8)
  3 ice beasts
  2 sky beasts
  2 centaurs
  4 lemures (D:8)
  9 kobold brigands (D:10)
  8 bullfrogs
  A gnoll sergeant (D:9)
  A necrophage (D:7)
  2 scorpions
  A wight (D:10)
  5 killer bees (D:9)
  3 howler monkeys
  3 hounds
  Crazy Yiuf (D:7)
  A gnoll shaman (D:7)
  6 orc priests
  2 iguanas (D:4)
  5 orc wizards
  Natasha (thrice) (D:2)
  Terence (D:2)
  19 gnolls
  7 adders
  2 shadow imps (D:7)
  A white imp (D:6)
  An ufetubus (D:3)
  2 dart slugs (D:3)
  38 orcs
  2 endoplasms
  A giant cockroach (D:2)
  6 goblins
  4 hobgoblins
  8 jackals
  12 kobolds
  3 quokkas
  10 ball pythons
  5 bats
  2 frilled lizards
  5 rats
214 creatures vanquished.

Vanquished Creatures (collateral kills)
  An orc priest (D:3)
  An iguana (D:4)
  A gnoll (D:4)
  2 orcs (D:3)
5 creatures vanquished.

Vanquished Creatures (others)
  293 foxfires
  44 plants
337 creatures vanquished.

Grand Total: 556 creatures vanquished

Notes
Turn   | Place    | Note
-------+----------+-------------------------------------------
     0 | D:1      | pokeman the Deep Elf Hedge Wizard began the quest for the
                  | Orb.
     0 | D:1      | Reached XP level 1. HP: 10/10 MP: 7/7
   427 | D:1      | Reached XP level 2. HP: 15/15 MP: 7/9
   826 | D:1      | Found a faded altar of an unknown god.
  1255 | D:2      | Noticed Natasha
  1257 | D:2      | Noticed a crimson imp
  1265 | D:2      | Killed Natasha
  1266 | D:2      | Reached skill level 5 in Spellcasting
  1266 | D:2      | Reached XP level 3. HP: 4/20 MP: 0/11
  1270 | D:2      | Learned a level 3 spell: Mephitic Cloud
  1273 | D:2      | Learned a level 2 spell: Call Imp
  1276 | D:2      | Learned a level 2 spell: Blink
  1280 | D:2      | Learned a level 3 spell: Conjure Flame
  1698 | D:2      | Reached skill level 1 in Armour
  1952 | D:2      | Noticed Natasha
  1958 | D:2      | Killed Natasha
  1959 | D:2      | Reached skill level 1 in Fighting
  1959 | D:2      | Reached XP level 4. HP: 18/25 MP: 5/13
  2104 | D:2      | Noticed Natasha
  2112 | D:2      | Killed Natasha
  2462 | D:2      | Noticed Terence
  2482 | D:2      | Killed Terence
  2483 | D:2      | Reached skill level 6 in Spellcasting
  2483 | D:2      | Reached skill level 1 in Fire Magic
  2483 | D:2      | Reached XP level 5. HP: 27/29 MP: 7/15
  3739 | D:3      | Reached skill level 1 in Air Magic
  4242 | D:4      | Reached XP level 6. HP: 28/34 MP: 10/17
  4377 | D:4      | Reached skill level 1 in Poison Magic
  4520 | D:4      | Reached skill level 7 in Spellcasting
  5284 | D:5      | Entered Level 5 of the Dungeon
  5298 | D:5      | Noticed an ice beast
  5349 | D:5      | Noticed a yak
  5349 | D:5      | Noticed a yak
  5349 | D:5      | Noticed a yak
  5350 | D:5      | Noticed a yak
  5362 | D:5      | Killed a yak
  5362 | D:5      | Killed a yak
  5363 | D:5      | Reached skill level 8 in Spellcasting
  5363 | D:5      | Reached XP level 7. HP: 18/40 MP: 20/20
  5365 | D:5      | Killed a yak
  5367 | D:5      | Killed a yak
  5368 | D:5      | Reached XP level 8. HP: 19/44 MP: 15/22
  5558 | D:5      | Identified the +8 spear of Kiekk {venom, *Rage rF+ Dex+4
                  | SInv}
  5599 | D:5      | Reached skill level 9 in Spellcasting
  5839 | D:5      | Found a staircase to the Ecumenical Temple.
  5847 | Temple   | Entered the Ecumenical Temple
  6033 | Temple   | Became a worshipper of Vehumet
  6143 | D:5      | Found a bloodstained altar of Trog.
  6520 | D:5      | Reached skill level 5 in Conjurations
  7029 | D:6      | Reached skill level 10 in Spellcasting
  7083 | D:6      | Learned a level 6 spell: Starburst
  7308 | D:6      | Noticed Prince Ribbit
  7313 | D:6      | Killed Prince Ribbit
  7414 | D:6      | Reached * piety under Vehumet
  7414 | D:6      | Offered knowledge of Foxfire by Vehumet.
  7423 | D:6      | Learned a level 1 spell: Foxfire
  7620 | D:7      | Reached XP level 9. HP: 49/49 MP: 25/25
  7630 | D:7      | Noticed Joseph
  7644 | D:7      | Killed Joseph
  7645 | D:7      | Reached skill level 11 in Spellcasting
  7650 | D:7      | Found Eczystiz's Antique Armour Boutique.
  7684 | D:7      | Found Ocuifyo's Book Shoppe.
  7719 | D:7      | Found a transporter.
  7733 | D:7      | Found Boleps's Weapon Emporium.
  7817 | D:7      | Noticed a toenail golem
  7825 | D:7      | Found a transporter.
  7825 | D:7      | Noticed a rakshasa
  7830 | D:7      | Found a one-way gate to the infinite horrors of the Abyss.
  7830 | D:7      | Noticed iguanaiguana's ghost (novice MiCA)
  7837 | D:7      | Noticed a cyan ugly thing
  7936 | D:7      | Found Adghaona's Antique Weapon Emporium.
  8139 | D:7      | Found a runed translucent door.
  8140 | D:7      | Noticed Crazy Yiuf
  8850 | D:7      | Killed Crazy Yiuf
  8914 | D:8      | Reached skill level 1 in Evocations
  8930 | D:8      | Reached skill level 12 in Spellcasting
  8933 | D:8      | Reached skill level 5 in Fire Magic
  9095 | D:8      | Reached ** piety under Vehumet
  9095 | D:8      | Offered knowledge of Shock by Vehumet.
  9128 | D:8      | Reached XP level 10. HP: 9/56 MP: 24/28
  9845 | D:8      | Noticed Pikel
  9856 | D:8      | Killed Pikel
  9857 | D:8      | Reached skill level 13 in Spellcasting
 10214 | D:9      | Found a staircase to the Orcish Mines.
 10957 | D:9      | Offered knowledge of Searing Ray by Vehumet.
 11013 | D:9      | Found a staircase to the Lair.
 11241 | D:10     | Entered Level 10 of the Dungeon
 11375 | D:10     | Learned a level 3 spell: Swiftness
 11595 | D:10     | Reached skill level 14 in Spellcasting
 11674 | D:10     | Reached *** piety under Vehumet
 11712 | D:10     | Noticed a sixfirhy
 11715 | D:10     | Gained mutation: You are partially covered in iridescent
                  | scales. (AC +2) [potion of mutation]
 11715 | D:10     | Gained mutation: Your spells are a little harder to cast,
                  | but a little more powerful. [potion of mutation]
 11715 | D:10     | Gained mutation: You have large cloven feet. [potion of
                  | mutation]
 11715 | D:10     | Slain by a sixfirhy

Illustrated notes

Levels and vault maps discovered:
D:1:      dpeg_arrival_snail, layout_loops_corners,
          shapermc_ecumenical_altar_petra
D:2:      layout_basic, minmay_tall_x, uniq_natasha, uniq_terence
D:3:      layout_basic, dk_noncrumbling_2, corexii_shack
D:4:      layout_rooms
D:5:      layout_basic, mainiacjoe_overflow_paths, minmay_temple_entry_waves
D:6:      layout_cave_pods, uniq_prince_ribbit1
D:7:      layout_gridville, serial_shops, shop, shop,
          nicolae_inconvenience_store, shop, gammafunk_ghost_abyssal_escape,
          uniq_crazy_yiuf_cottage, uniq_joseph
D:8:      layout_gridville, uniq_pikel
D:9:      layout_basic, david_lair_shrubbed, minmay_orc_entry_guard_dogs
D:10:     layout_cave_pods, special_room [special_room_kobold], uniq_maggie
Temple:   mainiacjoe_temple_starburst

Skill      XL: |  1  2  3  4  5  6  7  8  9 10 |
---------------+-------------------------------+-----
Spellcasting   | 5 6 8 10 12 14 | 14.2
Armour         | 1 3 4 |  4.2
Fighting       | 1 2 3 4 |  4.0
Conjurations   | 2 3 4 5 7 8 |  8.2
Dodging        | 3 |  3.0
Fire Magic     | 1 3 5 6 |  6.8
Stealth        | 3 |  3.0
Air Magic      | 1 |  1.0
Poison Magic   | 2 3 |  3.2
Evocations     | 1 |  1.0
Summonings     | |  1.1
Translocations | |  1.1

Action                   |  1- 3 |  4- 6 |  7- 9 | 10-12 || total
-------------------------+-------+-------+-------+-------++-------
Melee: Dagger            |       |     9 |       |       ||     9
       Morningstar       |       |    28 |     3 |       ||    31
       Spear             |       |       |    76 |   113 ||   189
       Punch             |       |       |       |     1 ||     1
 Cast: Magic Dart        |    63 |   158 |    70 |     5 ||   296
       Mephitic Cloud    |       |     9 |    15 |    17 ||    41
       Conjure Flame     |       |     4 |     5 |     8 ||    17
       Call Imp          |       |     4 |     1 |       ||     5
       Foxfire           |       |       |   108 |    52 ||   160
       Blink             |       |       |       |     1 ||     1
  Use: Potion            |       |       |       |     1 ||     1
 Stab: Confused          |       |     2 |    11 |    10 ||    23
Armor: Robe              |     1 |     2 |       |       ||     3
       Leather armour    |       |    23 |    19 |    11 ||    53
       Steam dragon scal |       |       |       |     8 ||     8
Dodge: Dodged            |     3 |    58 |    55 |    42 ||   158

Table legend: (Time is in decaauts)
 A = Elapsed time spent in this place.
 B = Non-inter-level travel time spent in this place.
 C = Inter-level travel time spent in this place.
 D = Time resting spent in this place.
 E = Time spent auto-exploring this place.
 F = Levels seen in this place.
 G = Mean time per level.
                   A        B        C        D        E       F      G
               +--------+--------+--------+--------+--------+-----+--------+
         Total |  11938 |  11596 |    342 |    265 |   9644 |  11 | 1085.3 |
       Dungeon |  11693 |  11409 |    284 |    265 |   9471 |  10 | 1169.3 |
        Temple |    245 |    187 |     58 |      0 |    173 |   1 |  245.0 |
               +--------+--------+--------+--------+--------+-----+--------+

Top non-repeatable levels by time:
     D:3: 1565 daAuts
     D:2: 1538 daAuts
     D:7: 1371 daAuts
     D:9: 1319 daAuts
     D:1: 1187 daAuts
     D:8: 1122 daAuts
     D:5: 1068 daAuts
     D:4: 1037 daAuts
     D:6: 977 daAuts
    D:10: 506 daAuts
  Temple: 245 daAuts
